 Dungeon Crawl Stone Soup version 0.31.0-1-g2c135a008e (webtiles) character file.

Game seed: 3930699774528887527

137 Colgate the Chopper (level 5, 0/41 HPs)
             Began as a Hill Orc Alchemist on Jan 20, 2024.
             Slain by a gnoll
             ... wielding a +0 spear
              (5 damage)
             ... on level 5 of the Dungeon.
             The game lasted 00:08:15 (2483 turns).

Colgate the Chopper (Hill Orc Alchemist)            Turns: 2483, Time: 00:08:16

Health: 0/41       AC:  6    Str: 13    XL:     5   Next: 20%
Magic:  9/9        EV: 10    Int: 15    God:
Gold:   122        SH:  0    Dex: 11    Spells: 9/10 levels left

rFire   . . .        l - +0 war axe
rCold   . . .        (no shield)
rNeg    . . .        p - +0 ring mail
rPois   .            (no helmet)
rElec   .            (no cloak)
rCorr   .            (no gloves)
SInv    .            d - +0 pair of boots
Will    .....        (no amulet) Stlth
                     j - ring of flight
HPRegen 0.26/turn    (no ring)
MPRegen 0.11/turn

%: no passive effects
@: silenced, flying
A: no striking features
a: no special abilities


You were on level 5 of the Dungeon.
You visited 1 branch of the dungeon, and saw 4 of its levels.

You collected 122 gold pieces.

Inventory:

Hand Weapons
 e - a +0 whip
 h - a +0 flail
 l - a +0 war axe (weapon)
Missiles
 c - 11 poisoned darts
Armour
 d - a +0 pair of boots (worn)
 p - a +0 ring mail (worn)
Jewellery
 j - a ring of flight (left hand)
Scrolls
 i - a scroll of acquirement
 n - a scroll of poison
Potions
 b - a potion of magic


   Skills:
 - Level 1.7 Fighting
 + Level 3.4 Axes
 - Level 1.5 Dodging
 - Level 1.5 Stealth
 - Level 3.1 Spellcasting
 - Level 1.0 Conjurations
 - Level 2.4 Alchemy


You had 9 spell levels left.
You knew the following spells:

 Your Spells              Type           Power      Damage    Failure   Level
a - Sting                 Conj/Alch      28%        1d4       22%         1

Your spell library contained the following spells:

 Spells                   Type           Power      Damage    Failure   Level
 Mercury Vapours          Alch/Air       10%        N/A       38%         2
 Summon Small Mammal      Summ           8%         N/A       41%         1
 Mephitic Cloud           Conj/Alch/Air  5%         N/A       63%         3
 Call Canine Familiar     Summ           2%         N/A       78%         3
 Volatile Blastmotes      Fire/Tloc      4%         2d10      78%         3
 Olgreb's Toxic Radiance  Alch           9%         N/A       85%         4
 Fulminant Prism          Conj/Alch      3%         3d5       91%         4
 Sticky Flame             Fire/Alch      5%         2d4       95%         4
 Iskenderun's Mystic Bla  Conj/Tloc      3%         2d3       98%         4
 Summon Blazeheart Golem  Fire/Summ      2%         N/A       99%         4


Dungeon Overview and Level Annotations

Branches:
Dungeon (3/15)

Altars:


Message History

The hound attacks as it pursues you! The hound bites you.
The hound barely misses you. The hound attacks as it pursues you!
The hound barely misses you. The hound bites you. The hound barely misses you.
You barely miss the hound. The hound bites you.
The hound bites you but does no damage.
You closely miss the hound. The hound bites you. The hound barely misses you.
You miss the hound. The hound barely misses you. x2
You miss the hound. The hound closely misses you. x2
You slash the hound! The hound barely misses you. The hound bites you.
You barely miss the hound. The hound barely misses you. The hound bites you.
You barely miss the hound. The hound barely misses you. The hound bites you.
You miss the hound. The hound bites you but does no damage.
The hound bites you.
You hit the hound but do no damage. The hound bites you. x2
* * * LOW HITPOINT WARNING * * *
Okay, then.
As you read the scroll labelled WOJIFAUGEY, it crumbles to dust.
You feel aware of your surroundings.
You sensed 2 altars.
It was a scroll of revelation.
The hound bites you.
* * * LOW HITPOINT WARNING * * *
The hound bites you but does no damage.
As you read the scroll labelled XUIHEJ MUIRCH, it crumbles to dust.
A profound silence engulfs you.
It was a scroll of silence.
The hound barely misses you.
Okay, then.
You closely miss the hound. The hound bites you.
* * * LOW HITPOINT WARNING * * *
The hound closely misses you.
You slash the hound!
You kill the hound!
The hound bites you.
* * * LOW HITPOINT WARNING * * *
Your Axes skill increases to level 3!
You have reached level 5!
You feel stronger.
You slash the hound! The hound closely misses you.
The gnoll hits you from afar with a +0 spear.
You die...

*,,,,,,,,,,,,,,,,*
#######......##*********
#######......##*,,,,,,,,
#######.......#*,*******
#######.....#.#*,*
#######.##.....,,**
#######.##.....*,,**
#######.##.....*,,,*****
#######@##.....*,*,,,**,
#######h##.....*,***,,,,
######ggg......*,*****,,
######.........*,,,,,,>,
######.........********,
#####..........* *,,,,,
#####.........#* *,****
#####.....[...# *,****
#.........# *,*,,,


You could see a hound and 3 gnolls.

Vanquished Creatures
  A hound (D:5)
  6 gnolls
  A dart slug (D:2)
  2 ribbon worms (D:2)
  2 bats (D:1)
  2 endoplasms
  3 giant cockroaches (D:1)
  8 goblins
  2 hobgoblins
  2 kobolds (D:2)
  5 quokkas (D:1)
  5 ball pythons
  5 rats
44 creatures vanquished.

Notes
Turn   | Place    | Note
-------+----------+-------------------------------------------
     0 | D:1      | Colgate the Hill Orc Alchemist began the quest for the Orb.
     0 | D:1      | Reached XP level 1. HP: 14/14 MP: 3/3
   258 | D:1      | Reached XP level 2. HP: 20/20 MP: 3/5
   581 | D:1      | Reached XP level 3. HP: 14/26 MP: 1/7
  1325 | D:2      | Identified a scroll of acquirement
  1409 | D:2      | Reached skill level 1 in Fighting
  1409 | D:2      | Reached XP level 4. HP: 35/35 MP: 4/8
  2271 | D:2      | Reached skill level 1 in Axes
  2451 | D:3      | You are sucked into a shaft and drop 2 floors!
  2451 | D:5      | Entered Level 5 of the Dungeon
  2455 | D:5      | Noticed a wraith
  2483 | D:5      | Reached XP level 5. HP: 5/41 MP: 9/9
  2483 | D:5      | Slain by a gnoll

Illustrated notes

Levels and vault maps discovered:
D:1:      doesnt_arrival_eight_statues, layout_loops_ring,
          minmay_small_reverse_x
D:2:      wander_river, layout_loops_ring
D:3:      layout_basic, nicolae_kikubaaqudgha_miasma_corner
D:5:      layout_basic, regret_index_temple_of_mockery,
          corexii_leaking_fountain, serial_library_regret_index_branch_corner

Skill      XL: |  1  2  3  4 |
---------------+-------------+-----
Spellcasting   | 2 3 |  3.1
Fighting       | 1 |  1.7
Axes           | 3 |  3.4
Dodging        | |  1.5
Stealth        | |  1.5
Conjurations   | |  1.0
Alchemy        | |  2.4

Action                     |  1- 3 |  4- 6 || total
---------------------------+-------+-------++-------
  Melee: Unarmed           |     2 |       ||     2
         Flail             |     1 |     6 ||     7
         War axe           |       |    36 ||    36
  Throw: Dart              |     5 |       ||     5
   Cast: Sting             |    58 |    28 ||    86
    Use: Scroll            |     2 |     4 ||     6
         Potion            |       |     2 ||     2
 Armour: Robe              |     4 |     7 ||    11
         Ring mail         |       |    45 ||    45
  Dodge: Dodged            |    21 |    56 ||    77
